 Dungeon Sprint DCSS version 0.28.0-53-g5a82cb258f (webtiles) character file.

Game seed: 12663153661806470778

2144 Zeld the Eclecticist (level 9, -4/45 HPs)
             Began as a Deep Elf Conjurer on May 29, 2022.
             Was an Elder of Sif Muna.
             Killed from afar by an oklob plant (21 damage)
             ... with a splash of acid
             ... in the Dungeon (Sprint IV: "Fedhas' Mad Dash").
             The game lasted 00:04:16 (2517 turns).

Zeld the Eclecticist (Deep Elf Conjurer)            Turns: 2517, Time: 00:04:17

Health: -4/45      AC:  2    Str:  4    XL:     9   Next: 9%
Magic:  8/30       EV: 15    Int: 28    God:    Sif Muna [****..]
Gold:   187        SH:  0    Dex: 13    Spells: 21/38 levels left

rFire   . . .      SeeInvis +   a - +14 obsidian axe {vorpal, Mesm Drain Fly SInv}
rCold   . . .      Faith    .   (no shield)
rNeg    . . .      Spirit   .   l - +0 robe
rPois   .          Reflect  .   (no helmet)
rElec   .          Harm     .   (no cloak)
rCorr   .          Rampage  .   (no gloves)
Will    .....      NoTele   +   (no boots)
Stlth   ++........              h - amulet of invisibility {+Inv}
HPRegen 0.15/turn               (no ring)
MPRegen 0.22/turn               (no ring)

@: channelling, flying, mesmerised, very slightly contaminated
A: no striking features
a: Renounce Religion, Evoke Invisibility, Channel Magic, Forget Spell, Divine
Exegesis


You were in the Dungeon.
You worshipped Sif Muna.
Sif Muna was greatly pleased with you.
You visited 1 branch You collected 187 gold pieces.

Inventory:

Hand Weapons
 a - the +14 obsidian axe (weapon) {vorpal, Mesm Drain Fly SInv}
   (You found it in the Dungeon)

   It inflicts extra damage upon your enemies.
   It occasionally summons demons to assist the wielder when it strikes in
   combat.
   Its wielder is mesmerised by any visible foes.
   It cannot be unequipped while any foes are visible.
   SInv:      It lets you see invisible.
   Fly:       It grants you flight.
   Drain:     It drains your maximum health when unequipped.
Armour
 l - a +0 robe (worn)
Jewellery
 h - the amulet of invisibility (around neck) {+Inv}
   (You found it in the Dungeon)

   [amulet of nothing]

   +Inv:      It lets you turn invisible.
Scrolls
 g - a scroll of blinking
 i - 2 scrolls of identify {unknown}
 k - 3 scrolls of fog {unknown}
Potions
 b - a potion of curing
 d - a potion of haste
 e - 3 potions of magic
 f - a potion of berserk rage
 j - a potion of resistance {unknown}


   Skills:
 - Level 8.0 Dodging
 + Level 3.9 Stealth
 * Level 15.4 Spellcasting
 * Level 13.6 Conjurations
 - Level 2.0 Hexes
 - Level 2.0 Translocations
 * Level 10.6 Invocations


You had 21 spell levels left.
You knew the following spells:

 Your Spells              Type           Power      Damage    Failure   Level
a - Magic Dart            Conj           100%       1d8       0%          1
b - Searing Ray           Conj           100%       2d8       0%          2
c - Fulminant Prism       Conj/Hex       30%        3d16      1%          4
d - Iskenderun's Mystic   Conj/Tloc      60%        2d13      1%          4
y - Call Canine Familiar  Summ           21%        N/A       7%          3
z - Dazzling Flash        Conj/Hex       100%       N/A       1%          3

Your spell library contained the following spells:

 Spells                   Type           Power      Damage    Failure   Level
 Summon Small Mammal      Summ           84%        N/A       2%          1
 Summon Cactus Giant      Summ           10%        N/A       98%         6
 Shatter                  Erth           10%        3d12*     100%        9


Dungeon Overview and Level Annotations

Branches:
Dungeon (1/1)

Altars:
Cheibriados
Dithmenos
Elyvilon
Gozag
Hepliaklqana
Kikubaaqudgha
Makhleb
Nemelex Xobeh
Okawaru
Qazlal
Ru
Sif Muna
Trog
Uskayaw
Vehumet
Wu Jian
Xom
Yredelemnul
Zin
The Shining One
Beogh
Jiyva
Lugonu

Shops:
D =(:[

Annotations:
D exclusion: oklob plant


Message History

The burning bush throws fire at you. The puff of flame misses you.
Unknown command.
Unknown command.
Unknown command.
Casting: Iskenderun's Mystic Blast (dangerous; 1% risk of failure)
Confirm with . or Enter, or press ? or * to list all spells.
You erupt in a blast of force!
The mystic blast hits the burning bush.
The burning bush is severely damaged.
Unknown command.
Unknown command.
You feel much better.
Casting: Iskenderun's Mystic Blast (dangerous; 1% risk of failure)
Confirm with . or Enter, or press ? or * to list all spells.
You erupt in a blast of force!
The mystic blast hits the wandering mushroom!!
The wandering mushroom is almost destroyed.
The wandering mushroom is knocked back by the mystic blast.
The wandering mushroom slams into the stone wall!
You destroy the wandering mushroom!
Sif Muna accepts your kill.
The mystic blast hits the burning bush.
The burning bush is almost destroyed.
The burning bush throws fire at you. The puff of flame hits you!!
You have reached level 9!
Your experience leads to an increase in your attributes!
Increase (S)trength, (I)ntelligence, or (D)exterity?
You feel clever. x2
Casting: Iskenderun's Mystic Blast (dangerous; 1% risk of failure)
Confirm with . or Enter, or press ? or * to list all spells.
You erupt in a blast of force!
The mystic blast hits the burning bush!
You break out of your daze!
You destroy the burning bush!
Sif Muna accepts your kill.
Visions of slaying the oklob plant flood into your mind.
You flicker back into view.
The oklob plant spits acid at you. The splash of acid hits you!!
You die...

#<..P#.....#.....#.⌠._._.
#PP..'÷....'.#)..'.._._._
#PPPP#.÷...#.#...#..._._.
###############'##.._._._
#...♣........'...#._._._.
#......♣.....#†..########
#.....♣..♣..######
##'####'######.|+
#..#....@.......#
#.[#..###....P..# #######
#########


You could see an oklob plant (mesmerising).

Vanquished Creatures
  An oklob plant (D)
  3 burning bushes (D)
  A queen bee (D)
  3 wandering mushrooms (D)
  3 scorpions (D)
  4 killer bees (D)
  5 oklob saplings (D)
  2 spriggans (D)
  A river rat (D)
  A rat (D)
24 creatures vanquished.

Vanquished Creatures (others)
  6 fulminant prisms (D)
6 creatures vanquished.

Grand Total: 30 creatures vanquished

Notes
Turn   | Place    | Note
-------+----------+-------------------------------------------
     0 | D        | Zeld the Deep Elf Conjurer began the quest for the Orb.
     0 | D        | Reached XP level 1. HP: 10/10 MP: 6/6
    10 | D        | Reached skill level 4 in Spellcasting
    10 | D        | Reached skill level 5 in Conjurations
    10 | D        | Reached XP level 2. HP: 9/15 MP: 1/9
   126 | D        | Learned a level 2 spell: Searing Ray
   175 | D        | Noticed a scorpion
   178 | D        | Killed a scorpion
   179 | D        | Reached skill level 7 in Spellcasting
   179 | D        | Reached XP level 3. HP: 13/19 MP: 5/14
   183 | D        | Learned a level 3 spell: Dazzling Flash
   366 | D        | Noticed an oklob sapling
   367 | D        | Killed an oklob sapling
   368 | D        | Reached skill level 8 in Spellcasting
   368 | D        | Reached XP level 4. HP: 24/24 MP: 13/16
   429 | D        | Learned a level 4 spell: Fulminant Prism
   434 | D        | Learned a level 4 spell: Iskenderun's Mystic Blast
   435 | D        | Found the amulet of invisibility {+Inv}
   443 | D        | Found an opulent altar of Gozag.
   443 | D        | Found a hazy altar of Hepliaklqana.
   443 | D        | Found a burning altar of Makhleb.
   443 | D        | Found a sparkling altar of Nemelex Xobeh.
   443 | D        | Found a sacrificial altar of Ru.
   443 | D        | Found a shimmering blue altar of Sif Muna.
   443 | D        | Found an ornate altar of the Wu Jian Council.
   443 | D        | Found a shimmering altar of Xom.
   443 | D        | Found a basalt altar of Yredelemnul.
   444 | D        | Found a viscous altar of Jiyva.
   444 | D        | Found a snail-covered altar of Cheibriados.
   444 | D        | Found a bloodstained altar of Trog.
   565 | D        | Found an iron altar of Okawaru.
   565 | D        | Found a shadowy altar of Dithmenos.
   565 | D        | Found a glowing silver altar of Zin.
   566 | D        | Found an ancient bone altar of Kikubaaqudgha.
   566 | D        | Found a hide-covered altar of Uskayaw.
   567 | D        | Found a stormy altar of Qazlal.
   567 | D        | Found a white marble altar of Elyvilon.
   567 | D        | Found a glowing golden altar of the Shining One.
   568 | D        | Found a radiant altar of Vehumet.
   568 | D        | Found a corrupted altar of Lugonu.
   570 | D        | Became a worshipper of Sif Muna the Loreminder
   592 | D        | Reached skill level 9 in Spellcasting
   592 | D        | Reached skill level 1 in Translocations
   592 | D        | Reached XP level 5. HP: 28/28 MP: 0/18
  1133 | D        | Reached skill level 1 in Invocations
  1199 | D        | Reached * piety under Sif Muna
  1200 | D        | Reached skill level 10 in Spellcasting
  1202 | D        | Reached XP level 6. HP: 32/32 MP: 7/21
  1203 | D        | Found Wivigh's Antique Weapon Shop.
  1208 | D        | Found Joerudd's Jewellery Emporium.
  1387 | D        | Noticed a burning bush
  1387 | D        | Noticed a wandering mushroom
  1390 | D        | Reached ** piety under Sif Muna
  1390 | D        | Killed a wandering mushroom
  1390 | D        | Noticed a wandering mushroom
  1391 | D        | Reached skill level 5 in Dodging
  1391 | D        | Reached skill level 12 in Spellcasting
  1391 | D        | Reached skill level 10 in Conjurations
  1393 | D        | Killed a wandering mushroom
  1393 | D        | Killed a burning bush
  1394 | D        | Reached skill level 13 in Spellcasting
  1394 | D        | Reached XP level 7. HP: 33/36 MP: 5/25
  1497 | D        | Found Teyrraaju's Armour Emporium.
  1497 | D        | Found Luijol's Book Shoppe.
  1502 | D        | Got Xorixuvem's Grimoire of Creative Clay
  1539 | D        | Learned a level 3 spell: Call Canine Familiar
  1546 | D        | Reached *** piety under Sif Muna
  1577 | D        | Noticed a queen bee
  1584 | D        | Reached XP level 8. HP: 41/41 MP: 19/27
  1732 | D        | Killed a queen bee
  1732 | D        | Reached **** piety under Sif Muna
  1733 | D        | Reached skill level 14 in Spellcasting
  1891 | D        | Noticed an oklob plant
  1906 | D        | Killed an oklob plant
  1907 | D        | Reached skill level 10 in Invocations
  2003 | D        | Found the +14 obsidian axe {vorpal, Mesm Drain Fly SInv}
  2003 | D        | Noticed a burning bush
  2057 | D        | Killed a burning bush
  2058 | D        | Reached skill level 15 in Spellcasting
  2503 | D        | Noticed a burning bush
  2503 | D        | Noticed an oklob plant
  2504 | D        | Noticed a wandering mushroom
  2516 | D        | Killed a wandering mushroom
  2517 | D        | Reached XP level 9. HP: 17/45 MP: 7/30
  2517 | D        | Killed a burning bush
  2517 | D        | Killed from afar by an oklob plant

Illustrated notes

Levels and vault maps discovered:
D:        dungeon_sprint_fedhas [sprint_temple]

Skill      XL: |  1  2  3  4  5  6  7  8 |
---------------+-------------------------+-----
Spellcasting   | 4 7 8 9 10 13 15 | 15.4
Conjurations   | 5 7 8 9 11 12 13 | 13.6
Hexes          | 2 |  2.0
Translocations | 1 2 |  2.0
Invocations    | 4 8 10 | 10.6
Dodging        | 4 6 7 8 |  8.0
Stealth        | 3 |  3.9

Action                   |  1- 3 |  4- 6 |  7- 9 || total
-------------------------+-------+-------+-------++-------
Melee: Unarmed           |       |     1 |       ||     1
 Cast: Magic Dart        |     6 |     1 |       ||     7
       Searing Ray       |     2 |     4 |    11 ||    17
       Fulminant Prism   |       |     4 |     2 ||     6
       Iskenderun's Myst |       |     4 |    18 ||    22
Invok: Channel Magic     |       |       |     2 ||     2
 Abil: Evoke Invisibilit |       |     4 |     5 ||     9
  Use: Potion            |       |       |     1 ||     1
Dodge: Dodged            |       |     1 |    16 ||    17
